 Dungeon Crawl Stone Soup version 0.29.0-4-gdea44cf6ec (webtiles) character file.

Game seed: 206446224754701312

51 qw the Chopper (level 3, -3/21 HPs)
             Began as a Tengu Warper on Aug 28, 2022.
             Slain by a black bear (7 damage)
             ... on level 3 of the Dungeon.
             The game lasted 00:00:10 (2508 turns).

qw the Chopper (Tengu Warper)                       Turns: 2508, Time: 00:00:11

Health: -3/21      AC: 11    Str: 13    XL:     3   Next: 81%
Magic:  7/7        EV:  6    Int: 13    God:
Gold:   0          SH:  0    Dex: 13    Spells: 6/6 levels left

rFire   . . .      SeeInvis .   Y - +1 hand axe
rCold   . . .      Faith    .   (no shield)
rNeg    . . .      Spirit   .   g - +0 chain mail
rPois   .          Reflect  .   (helmet restricted)
rElec   .          Harm     .   (no cloak)
rCorr   .          Rampage  .   e - +2 pair of gloves
Will    .....                   (boots unavailable)
Stlth   ..........              (no amulet)
HPRegen 0.07/turn               (no ring)
MPRegen 0.10/turn               (no ring)

@: about to teleport
A: beak, talons 3
a: no special abilities


You were on level 3 of the Dungeon.
You visited 1 branch of the dungeon, and saw 3 of its levels.

You collected 127 gold pieces.
You spent 127 gold pieces at shops.


Innate Abilities, Weirdness & Mutations

You have a beak for a mouth.
You have claws for feet.


   Skills:
 - Level 2.0 Fighting
 + Level 4.4 Axes
 - Level 1.0 Throwing
 - Level 1.1 Armour
 - Level 2.1 Dodging
 - Level 2.0 Spellcasting
 - Level 2.4 Translocations


You had 6 spell levels left.
You didn't know any spells.
Your spell library contained the following spells:

 Spells                   Type           Power      Damage    Failure   Level
 Blink                    Tloc           14%        N/A       99%         2
 Gell's Gravitas          Tloc           7%         N/A       100%        3
 Lesser Beckoning         Tloc           7%         N/A       100%        3
 Teleport Other           Tloc           7%         N/A       100%        3
 Manifold Assault         Tloc           7%         N/A       100%        5

Inventory:

Hand Weapons
 j - a +0 flail
 Y - a +1 hand axe (weapon)
Armour
 e - a +2 pair of gloves (worn)
 g - a +0 chain mail (worn)
Scrolls
 a - a scroll of identify
Potions
 b - 3 potions of curing {unknown}
 c - a potion of heal wounds
 d - 2 potions of might {unknown}
 h - a potion of flight {unknown}
 i - a potion of degeneration {unknown}
 k - a potion of haste {unknown}
 l - a potion of brilliance {unknown}

Dungeon Overview and Level Annotations

Branches:
Dungeon (3/15)

Altars:

Shops:
D:3 *


Message History

You feel sick.
You start resting.
You feel sick. x2
You are no longer poisoned.
HP restored.
You see here an adder corpse.
Found a stone staircase leading down.
A black bear comes into view.
The black bear growls angrily.
You see here a potion of heal wounds.
You closely miss the black bear. You claw the black bear.
Your peck misses the black bear.
The black bear is lightly wounded.
The black bear bites you.
The black bear claws you but does no damage. x2
You closely miss the black bear.
The black bear is lightly wounded.
The black bear bites you! The black bear barely misses you.
The black bear claws you but does no damage.
You barely miss the black bear. Your kick misses the black bear.
The black bear is lightly wounded.
The black bear bites you. The black bear completely misses you.
The black bear claws you but does no damage.
A goblin comes into view. It is wielding a +0 dagger.
2505 ||| Stepping ~*~*~tactically~*~*~ (stealth).
You hit the black bear. Your kick misses the black bear.
The black bear is lightly wounded.
The black bear bites you but does no damage.
The black bear claws you.
The black bear claws you but does no damage.
You hit the black bear. You claw the black bear.
The black bear is moderately wounded.
The black bear bites you but does no damage.
The black bear claws you but does no damage.
The black bear claws you.
2508 ||| READING scroll of teleportation.
As you read the scroll of teleportation, it crumbles to dust.
You feel strangely unstable. The black bear bites you!
You die...

############
...........#
#.#.....h@..#
............#
.>..........# ...#
#...........# #...#
#....##....##
#.....#
.#...#.##.###
#.....#
#.#....#...#
#.....# g
#....###.# ###....#
##<......###......#


You could see a black bear.

Vanquished Creatures
  An adder (D:3)
  A worm (D:2)
  4 ball pythons
  4 endoplasms
  4 giant cockroaches (D:2)
  7 hobgoblins
  7 bats
  3 frilled lizards
  2 goblins (D:2)
  4 rats
  A spectral goblin (D:1)
38 creatures vanquished.

Notes
Turn   | Place    | Note
-------+----------+-------------------------------------------
     0 | D:1      | qw the Tengu Warper began the quest for the Orb.
     0 | D:1      | Reached XP level 1. HP: 12/12 MP: 4/4
     0 | D:1      | 0 ||| qw: Version: 0.1-a-89-g26bdef1
     0 | D:1      | 0 ||| qw: Game counter: 133
     0 | D:1      | 0 ||| qw: Always use a shield: true
     0 | D:1      | 0 ||| qw: God list: Okawaru
     0 | D:1      | 0 ||| qw: Allow faded altars: false
     0 | D:1      | 0 ||| qw: Do Orc after D:15 true
     0 | D:1      | 0 ||| qw: Do second Lair branch before Depths: true
     0 | D:1      | 0 ||| qw: Lair rune preference: random
     0 | D:1      | 0 ||| qw: Plans: Normal
     0 | D:1      | 0 ||| PLANNING D:1-11
   256 | D:1      | Reached XP level 2. HP: 17/17 MP: 6/6
   417 | D:1      | Reached skill level 3 in Axes
   538 | D:1      | Found a faded altar of an unknown god.
   809 | D:1      | 809 ||| Stepping ~*~*~tactically~*~*~ (stealth).
   810 | D:1      | 810 ||| Stepping ~*~*~tactically~*~*~ (stealth).
   811 | D:1      | 811 ||| Stepping ~*~*~tactically~*~*~ (stealth).
   885 | D:1      | 885 ||| DROPPING +0 mace.
  1120 | D:1      | 1120 ||| UPGRADING to +0 chain mail.
  1130 | D:1      | 1130 ||| DROPPING +0 leather armour.
  1131 | D:1      | 1131 ||| READING 2 scrolls labelled YPEIPUU ACVAE.
  1132 | D:1      | 1132 ||| READING 2 scrolls labelled UDGHOA TOVATH.
  1136 | D:1      | 1136 ||| READING scroll labelled NUEFOM JODGHAIBBEA.
  1137 | D:1      | 1137 ||| DROPPING scroll of blinking.
  1339 | D:2      | Reached XP level 3. HP: 21/21 MP: 7/7
  1665 | D:2      | Reached skill level 4 in Axes
  2135 | D:2      | 2135 ||| UPGRADING to +2 pair of gloves.
  2140 | D:2      | 2140 ||| READING scroll labelled EMU GULESMURHY.
  2141 | D:2      | 2141 ||| DRINKING 2 lumpy amethyst potions.
  2274 | D:3      | Found Luanteosh's Assorted Antiques.
  2284 | D:3      | 2284 ||| BUYING 2 fuming white potions (37 gold).
  2284 | D:3      | Bought 2 fuming white potions for 37 gold pieces
  2284 | D:3      | 2284 ||| BUYING fizzy blue potion (18 gold).
  2284 | D:3      | Bought a fizzy blue potion for 18 gold pieces
  2284 | D:3      | 2284 ||| BUYING fuming purple potion (18 gold).
  2284 | D:3      | Bought a fuming purple potion for 18 gold pieces
  2284 | D:3      | 2284 ||| BUYING fuming white potion (18 gold).
  2284 | D:3      | Bought a fuming white potion for 18 gold pieces
  2284 | D:3      | 2284 ||| BUYING golden potion (18 gold).
  2284 | D:3      | Bought a golden potion for 18 gold pieces
  2284 | D:3      | 2284 ||| SHOPLISTING scroll labelled XUAPAO GOBU (21 gold,
                  | have 18).
  2284 | D:3      | 2284 ||| SHOPLISTING scroll of identify (42 gold, have 18).
  2284 | D:3      | 2284 ||| SHOPLISTING scroll of teleportation (63 gold, have
                  | 18).
  2284 | D:3      | 2284 ||| SHOPLISTING silver ring (105 gold, have 18).
  2284 | D:3      | 2284 ||| BUYING smoky yellow potion (18 gold).
  2284 | D:3      | Bought a smoky yellow potion for 18 gold pieces
  2284 | D:3      | 2284 ||| SHOPLISTING twisted whip (157 gold, have 0).
  2496 | D:3      | Noticed a black bear
  2505 | D:3      | 2505 ||| Stepping ~*~*~tactically~*~*~ (stealth).
  2507 | D:3      | HP: 4/21 [black bear (3)]
  2508 | D:3      | 2508 ||| READING scroll of teleportation.
  2508 | D:3      | Slain by a black bear

Levels and vault maps discovered:
D:1:      minmay_arrival_solitary_statue, layout_basic,
          dreamdust_ecumenical_altar_drowned_temple
D:2:      layout_loops_ring, nicolae_underground_beach
D:3:      layout_basic, mainiacjoe_overflow_concentric_impassable,
          grunt_temple_overflow_open, serial_shops, shop, minmay_checkerbox

Skill      XL: |  1  2  3 |
---------------+----------+-----
Axes           | 3 4 |  4.4
Fighting       | |  2.0
Throwing       | |  1.0
Armour         | |  1.1
Dodging        | |  2.1
Spellcasting   | |  2.0
Translocations | |  2.4

Action                   || total
-------------------------++-------
Melee: Hand axe          ||   109
       Kick              ||    21
       Peck              ||    12
       Punch             ||     1
Throw: Boomerang         ||     7
  Use: Scroll            ||     5
       Potion            ||     1
Armor: Leather armour    ||     8
       Chain mail        ||    38
Dodge: Dodged            ||    37

Table legend:
 A = Non-vault XP
 B = Vault XP
 C = Vault XP percentage of total XP
 D = Non-vault monster count
 E = Vault monster count
 F = Vault count percentage of total count
                 A         B        C        D         E       F
            +---------+---------+-------+---------+---------+-------
      Total |      72 |       1 |   1.4 |      37 |       1 |   2.6
            +---------+---------+-------+---------+---------+-------
        D:1 |      20 |       1 |   4.8 |      13 |       1 |   7.1
        D:2 |      36 |       0 |   0.0 |      21 |       0 |   0.0
        D:3 |      16 |       0 |   0.0 |       3 |       0 |   0.0
            +---------+---------+-------+---------+---------+-------
